 Dungeon Crawl Stone Soup version 0.23.0-3-gf3c87f2 (webtiles) character file.

Game seed: 4808552369965091077

356 johnnyrequiem the Magician (level 6, -18/32 HPs)
             Began as a Deep Elf Fire Elementalist on Feb 20, 2019.
             Was a Follower of Nemelex Xobeh.
             Killed from afar by a centaur (20 damage)
             ... with a wand of acid (9)
             ... on level 5 of the Dungeon.
             The game lasted 00:44:33 (6235 turns).

johnnyrequiem the Magician (DEFE)                   Turns: 6235, Time: 00:44:35

Health: -18/32     AC:  2    Str:  6    XL:     6   Next: 36%
Magic:  2/16       EV: 13    Int: 21    God:    Nemelex Xobeh [*.....]
Gold:   333        SH:  2    Dex: 15    Spells: 1/16 levels left

rFire    + . .     SeeInvis .   l - +0 hunting sling
rCold    + . .     Gourm    .   (no shield)
rNeg     . . .     Faith    .   a - +0 robe
rPois    .         Spirit   .   (no helmet)
rElec    .         Reflect  +   v - scarf {rC+ rF+}
rCorr    .         Harm     .   (no gloves)
MR       .....                  (no boots)
Stlth    ++........             d - +2 amulet of reflection
HPRegen  0.10/turn              (no ring)
MPRegen  0.15/turn              (no ring)

@: very slightly contaminated, invisible
A: no striking features
a: Draw Escape, Draw Destruction, Draw Summoning, Renounce Religion


You were on level 5 of the Dungeon.
You worshipped Nemelex Xobeh.
Nemelex Xobeh was aware of your devotion.
You were not hungry.

You visited 1 branch of the dungeon, and saw 5 of its levels.

You collected 333 gold pieces.

Inventory:

Hand Weapons
 f - a +2 short sword
 h - a +0 rapier
 l - a +0 hunting sling (weapon)
Missiles
 m - 51 arrows
 n - 247 stones (quivered)
 t - 12 poisoned needles
 u - 31 bolts
Armour
 a - a +0 robe (worn)
 v - a scarf of resistance (worn)
 z - a scarf of spirit shield
Magical Staves
 r - an uncursed staff of death
Jewellery
 d - a +2 amulet of reflection (around neck)
 g - an uncursed amulet of guardian spirit
Wands
 b - a wand of iceblast (5)
Scrolls
 e - 2 scrolls of fear {unknown}
 k - a scroll of random uselessness
 o - a scroll of remove curse {unknown}
 q - a scroll of enchant armour {unknown}
 s - 2 scrolls of teleportation {unknown}
 x - a scroll of immolation {unknown}
Potions
 j - a potion of brilliance {unknown}
 p - a potion of ambrosia {unknown}
 w - a potion of haste {unknown}
Comestibles
 c - 4 rations


   Skills:
 + Level 0.3 Fighting
 + Level 1.3 Short Blades
 + Level 1.1 Slings
 + Level 3.1 Dodging
 + Level 2.8 Stealth
 + Level 5.8 Spellcasting
 + Level 2.7 Conjurations
 + Level 4.8 Fire Magic


You had one spell level left.
You knew the following spells:

 Your Spells              Type           Power        Failure   Level  Hunger
a - Flame Tongue          Conj/Fire      ###..        1%          1    None
b - Throw Flame           Conj/Fire      ###...       3%          2    None
c - Conjure Flame         Conj/Fire      ###.....     6%          3    ##.....
d - Sticky Flame          Conj/Fire      ###.....     21%         4    ####...
e - Fireball              Conj/Fire      ###.......   50%         5    #####..

Your spell library contained the following spells:

 Spells                   Type           Power        Failure   Level  Hunger
 Inner Flame              Hex/Fire       ###.....     11%         3    ##.....


Dungeon Overview and Level Annotations

Branches:
Dungeon (5/15)
 Temple: D:4-7

Altars:
Cheibriados
Makhleb
Nemelex Xobeh
Qazlal
Trog
Xom
The Shining One


Message History

Press: ? - help, Shift-Dir - straight line, f/p - ogre
Aim: an ogre, wielding a +0 giant spiked club (moderately wounded)
You shoot a stone. The stone barely misses the ogre.
Firing (i - inventory)
n - 248 stones (quivered)
Press: ? - help, Shift-Dir - straight line, f/p - ogre
Aim: an ogre, wielding a +0 giant spiked club (moderately wounded)
You shoot a stone. The stone hits the ogre!
The ogre is heavily wounded.
The centaur shoots an arrow.
The arrow hits you!
* * * LOW HITPOINT WARNING * * *
You fade into invisibility!
You are very lightly contaminated with residual magic.
You draw a card...
You have drawn the Tomb.
Walls emerge from the floor!
The centaur shoots an arrow.
The arrow hits the ogre.
The walls disappear prematurely!
The centaur shoots an arrow.
The arrow hits the ogre!
The centaur zaps a wand.
The bolt of acid hits you!!
Ouch! That really hurt!
You die...
Your body disappears without a glow.

####.###........†..#
#.......<#####.#####
#.##.##### #.#
#.##.#########.#
#.##...........#
#.##############
#.........
######.###########.
#.......(..@.((c(.(.
#.#############O..(.
.##


You could see an ogre and a centaur.

Vanquished Creatures
  A hound (D:4)
  An iron imp (D:5)
  A bullfrog skeleton (D:5)
  An iguana (D:4)
  2 worker ants (D:4)
  3 gnolls (D:5)
  5 adders
  2 river rats (D:4)
  2 oozes
  3 worms (D:4)
  A dart slug (D:3)
  4 leopard geckos
  5 orcs (D:3)
  3 ball pythons
  6 giant cockroaches
  9 goblins
  7 hobgoblins
  6 jackals
  6 kobolds
  3 quokkas
  6 bats
  2 frilled lizards
  5 rats
84 creatures vanquished.

Notes
Turn   | Place    | Note
-------+----------+-------------------------------------------
     0 | D:1      | johnnyrequiem the Deep Elf Fire Elementalist began the
                  | quest for the Orb.
     0 | D:1      | Reached XP level 1. HP: 10/10 MP: 6/6
   271 | D:1      | Reached XP level 2. HP: 10/15 MP: 0/8
   275 | D:1      | Learned a level 2 spell: Throw Flame
  1226 | D:2      | Reached XP level 3. HP: 19/19 MP: 2/9
  1621 | D:2      | Learned a level 3 spell: Conjure Flame
  2243 | D:2      | Found a sparkling altar of Nemelex Xobeh.
  2252 | D:2      | Became a worshipper of Nemelex Xobeh the Trickster
  2396 | D:2      | Reached XP level 4. HP: 10/24 MP: 4/11
  2574 | D:2      | Learned a level 4 spell: Sticky Flame
  2716 | D:3      | Found a snail-covered altar of Cheibriados.
  2778 | D:3      | Received a gift from Nemelex Xobeh
  3471 | D:3      | Reached skill level 1 in Short Blades
  3921 | D:3      | Reached skill level 4 in Spellcasting
  4196 | D:4      | Found a glowing golden altar of the Shining One.
  4530 | D:4      | Reached skill level 5 in Spellcasting
  4530 | D:4      | Reached XP level 5. HP: 14/28 MP: 2/14
  4710 | D:4      | Found a stormy altar of Qazlal.
  4745 | D:4      | Reached skill level 1 in Slings
  4975 | D:4      | Found a shimmering altar of Xom.
  4978 | D:4      | Found a shimmering altar of Xom.
  4980 | D:4      | Found a shimmering altar of Xom.
  5213 | D:4      | Reached * piety under Nemelex Xobeh
  5529 | D:4      | Noticed a moth of wrath
  5534 | D:4      | Found a bloodstained altar of Trog.
  5570 | D:4      | Reached XP level 6. HP: 5/32 MP: 1/16
  5837 | D:4      | Learned a level 5 spell: Fireball
  5933 | D:4      | Found a burning altar of Makhleb.
  6055 | D:5      | Entered Level 5 of the Dungeon
  6235 | D:5      | Killed from afar by a centaur

Skill      XL: |  1  2  3  4  5 |
---------------+----------------+-----
Fire Magic     | 4 |  4.8
Dodging        | 3 |  3.1
Short Blades   | 1 |  1.3
Conjurations   | 2 |  2.7
Spellcasting   | 5 |  5.8
Slings         | 1 |  1.1
Fighting       | |  0.3
Stealth        | |  2.8

Action                   |  1- 3 |  4- 6 || total
-------------------------+-------+-------++-------
Melee: Unarmed           |    18 |       ||    18
       Whip              |     9 |       ||     9
       Short sword       |    42 |    41 ||    83
 Fire: Hunting sling     |       |    15 ||    15
 Cast: Flame Tongue      |    22 |    34 ||    56
       Throw Flame       |    27 |    48 ||    75
       Conjure Flame     |     3 |     9 ||    12
       Sticky Flame      |       |     3 ||     3
 Abil: Draw Escape       |       |     1 ||     1
       Draw Destruction  |       |     1 ||     1
  Use: Potion            |     2 |     3 ||     5
       Scroll            |     1 |     8 ||     9
 Stab: Sleeping          |       |     1 ||     1
  Eat: Ration            |     2 |     4 ||     6
       Chunk             |       |     1 ||     1
Armor: Robe              |    14 |     7 ||    21
Dodge: Dodged            |    95 |    66 ||   161
Block: Other             |       |     6 ||     6
       Reflection        |       |     1 ||     1
